 Dungeon Crawl Stone Soup version 0.21.1-1-g345015f (webtiles) character file.

59 RudyRod the Skirmisher (level 4, -1/40 HPs)
             Began as a Ghoul Monk on May 17, 2018.
             Slain by an orc wizard
             ... wielding a +0 dagger
              (3 damage)
             ... on level 3 of the Dungeon.
             The game lasted 00:03:52 (1550 turns).

RudyRod the Skirmisher (Ghoul Monk)                 Turns: 1550, Time: 00:03:52

Health: -1/40      AC:  4    Str: 14 (15) XL:     4   Next: 3%
Magic:  3/3        EV: 12    Int:  9 (10) God:
Gold:   91         SH:  0    Dex:  9 (11) Spells: 3/3 levels left

rFire    . . .     SeeInvis .   a - +0 mace
rCold    + . .     Gourm    .   (no shield)
rNeg     + + +     Faith    .   l - +0 leather armour
rPois    ∞         Spirit   .   e - +0 helmet
rElec    .         Reflect  .   (no cloak)
rCorr    .         Harm     .   (no gloves)
MR       .....                  (no boots)
Stlth    ++........             (no amulet)
HPRegen  0.00/turn              (no ring)
MPRegen  0.08/turn              (no ring)

@: brilliant, rotting
A: rotting body, claws 1, carnivore, cold resistance 1, negative energy
resistance 3, inhibited regeneration, torment resistance, unbreathing
a: no special abilities


You were on level 3 of the Dungeon.
You were not hungry.

You visited 1 branch of the dungeon, and saw 3 of its levels.

You collected 91 gold pieces.

Inventory:

Hand Weapons
 a - a +0 mace (weapon)
Armour
 b - a +0 robe
 e - a +0 helmet (worn)
 l - a +0 leather armour (worn)
Scrolls
 h - a scroll of fog {unknown}
 j - 3 scrolls of identify {unknown}
 k - 4 scrolls of amnesia {unknown}
 o - a scroll of teleportation {unknown}
 p - a scroll of random uselessness {unknown}
 q - a scroll of blinking {unknown}
Potions
 g - 2 potions of brilliance
 i - 2 potions of degeneration
 m - a potion of berserk rage
Comestibles
 c - 3 rations
 n - 3 chunks of flesh


   Skills:
 + Level 3.9 Fighting
 + Level 3.3 Maces & Flails
 * Level 0.2 Armour
 + Level 3.1 Dodging
 + Level 2.6 Stealth


You had 3 spell levels left.
You didn't know any spells.

Dungeon Overview and Level Annotations

Branches:
Dungeon (3/15)

Altars:


Innate Abilities, Weirdness & Mutations

Your body is rotting away.
You thrive on raw meat.
You are immune to poison.
You have sharp fingernails.
You are carnivorous and can eat meat at any time.
Your flesh is cold resistant. (rC+)
You are immune to negative energy. (rN+++)
You do not regenerate when monsters are visible.
You are immune to unholy pain and torment.
You can survive without breathing.


Message History

The orc wizard is almost dead.
The orc wizard misses you. The orc wizard hits you with a dagger.
* * * LOW HITPOINT WARNING * * *
It was a potion of degeneration.
There was something very wrong with that liquid.
You feel weakened.
You feel dopey.
You feel clumsy.
The orc wizard looks braver for a moment.
It was a potion of brilliance.
You feel clever all of a sudden. The orc wizard hits you with a dagger.
* * * LOW HITPOINT WARNING * * *
The orc wizard hits you but does no damage.
It was a potion of magic.
Magic courses through your body.
The orc wizard looks braver for a moment.
It was a potion of berserk rage.
You cannot raise a blood rage in your lifeless body.
The orc wizard hits you with a dagger.
* * * LOW HITPOINT WARNING * * *
The orc wizard hits you with a dagger.
You die...

.......#### ..........
.........# .........#
#### .%.......## #..#
.h.g...h$.# #..######
w......##.## #.......#
......# #..#########
#.......# .....#
##..hgo@...# #.......###
..##.
#...######.###..........
. ...?...#.#
#.##..#.....###
####.####.#
#.#..##<÷...# #
#.######....####.###
#....#..÷.#.# .#
####...####.# .# ###..#
#.# .# #..# #.. .#


You could see an orc wizard, a jackal and a goblin.

Vanquished Creatures
  An ooze (D:1)
  A worm (D:2)
  2 dart slugs
  3 leopard geckos
  6 bats
  3 giant cockroaches
  5 goblins
  7 hobgoblins
  2 jackals (D:2)
  5 kobolds
  A ball python (D:1)
  5 rats
41 creatures vanquished.

Notes
Turn   | Place    | Note
-------+----------+-------------------------------------------
     0 | D:1      | RudyRod the Ghoul Monk began the quest for the Orb.
     0 | D:1      | Reached XP level 1. HP: 19/19 MP: 0/0
   209 | D:1      | Reached XP level 2. HP: 21/26 MP: 1/1
   673 | D:1      | Reached XP level 3. HP: 31/33 MP: 2/2
  1497 | D:3      | Reached XP level 4. HP: 39/40 MP: 3/3
  1550 | D:3      | HP: 2/40 [orc wizard/dagger (2)]
  1550 | D:3      | Slain by an orc wizard

Skill      XL: |  1  2 |
---------------+-------+-----
Dodging        | 3 |  3.1
Maces & Flails | 3 |  3.3
Fighting       | |  3.9
Armour         | |  0.2
Stealth        | |  2.6

Action                   |  1- 3 |  4- 6 || total
-------------------------+-------+-------++-------
Melee: Mace              |   128 |    19 ||   147
  Use: Potion            |       |     5 ||     5
 Stab: Sleeping          |     4 |       ||     4
  Eat: Chunk             |    10 |       ||    10
Armor: Robe              |    25 |       ||    25
       Leather armour    |    15 |     3 ||    18
Dodge: Dodged            |    90 |    10 ||   100
